 Dungeon Crawl Stone Soup version 0.23.2-11-gf996548c65 (webtiles) character file.

Game seed: 13591486476960340121

641 turlogh the Covered (level 7, -2/60 HPs)
             Began as a Minotaur Fighter on June 5, 2019.
             Succumbed to solus13's ghost's poison
             ... on level 4 of the Dungeon.
             The game lasted 00:38:32 (3092 turns).

turlogh the Covered (Minotaur Fighter)              Turns: 3092, Time: 00:38:33

Health: -2/60      AC: 11    Str: 22    XL:     7   Next: 26%
Magic:  6/6        EV:  6    Int:  5    God:
Gold:   187        SH: 10    Dex: 10    Spells: 6/6 levels left

rFire    . . .     SeeInvis .   r - +0 morningstar
rCold    . . .     Gourm    .   c - +0 shield
rNeg     . . .     Faith    .   w - +0 chain mail
rPois    .         Spirit   .   (helmet restricted)
rElec    .         Reflect  .   y - scarf {repulsion}
rCorr    .         Harm     .   k - +0 pair of gloves
MR       .....                  (no boots)
Stlth    ..........             (no amulet)
HPRegen  0.20/turn              (no ring)
MPRegen  0.10/turn              (no ring)

@: lethally poisoned (-2 -> -32), flying, hasted, repel missiles, very quick
A: retaliatory headbutt, horns 2
a: no special abilities


You were on level 4 of the Dungeon.
You were not hungry.

You visited 1 branch of the dungeon, and saw 4 of its levels.

You collected 187 gold pieces.

Inventory:

Hand Weapons
 a - a +0 war axe
 b - a +2 dagger of venom
 g - a cursed +0 great sword
 r - a +0 morningstar (weapon)
 s - a +2 short sword of protection
Missiles
 i - 23 arrows
 u - 7 poisoned needles (quivered)
Armour
 c - a +0 shield (worn)
 k - a +0 pair of gloves (worn)
 w - a +0 chain mail (worn)
 y - a scarf of repulsion (worn)
Wands
 B - a wand of random effects (14)
Scrolls
 j - 5 scrolls of identify {unknown}
 l - 4 scrolls of teleportation {unknown}
 n - a scroll of magic mapping {unknown}
 x - a scroll of immolation {unknown}
 A - a scroll of enchant armour {unknown}
Potions
 d - 7 potions of might
 o - 4 potions of curing {unknown}
 p - a potion of invisibility {unknown}
 t - a potion of mutation {unknown}
 v - a potion of heal wounds {unknown}
 z - 2 potions of degeneration {unknown}
Comestibles
 f - a chunk of flesh
 q - 5 rations


   Skills:
 + Level 4.9 Fighting
 + Level 5.0(5.7) Axes
 + Level 3.9(5.1) Maces & Flails
 + Level 5.5 Armour
 + Level 1.7 Dodging
 + Level 0.8 Stealth
 + Level 5.3 Shields


You had 6 spell levels left.
You didn't know any spells.
Your spell library was empty.

Dungeon Overview and Level Annotations

Branches:
Dungeon (4/15)
 Temple: D:4-7

Altars:
Dithmenos

Annotations:
D:4 solus13's ghost, amateur TrMo


Innate Abilities, Weirdness & Mutations

You reflexively headbutt those who attack you in melee.
You have a pair of horns on your head.


Message History

It was a potion of flight.
You feel very buoyant.
You fly up into the air.
* * * LOW HITPOINT WARNING * * *
You feel very sick. You block solus13's ghost's attack.
As you read the scroll labeled URGHOA OTEIRO, it crumbles to dust.
It is a scroll of amnesia.
You feel forgetful for a moment.
* * * LOW HITPOINT WARNING * * *
You feel very sick. Solus13's ghost hits you.
* * * LOW HITPOINT WARNING * * *
It was a potion of haste.
You feel yourself speed up.
* * * LOW HITPOINT WARNING * * *
You feel sick. Solus13's ghost barely misses you. You furiously retaliate!
You headbutt solus13's ghost, but do no damage.
You closely miss solus13's ghost.
Solus13's ghost is severely damaged.
You die...

###^....#.# #
#.......#.# #
####.#... ..# #
#....### # #
#.##.#.#.#.# ###
###.##.#.....###.#
#Z...ZZ'...?###.#.
#W#.#W.'...(.#.###
#@#.##.'....###.#.
#.#....#.....###.#
#.####.#.#.#.# #.#
#.# ###########.#
###.#####
###.#.<...
#.......#
#.....##.#
#.#####.#
#.....##.#
#.#####.#
#.....##..
#.##....#
#.....####


You could see solus13's ghost and a leopard gecko skeleton.

Vanquished Creatures
  A hippogriff (D:4)
  A phantom (D:2)
  A water moccasin skeleton (D:4)
  A bullfrog skeleton (D:4)
  A centaur skeleton (D:4)
  Jessica (D:2)
  3 worker ants (D:4)
  4 gnolls (D:3)
  4 adders
  2 oozes
  An adder zombie (D:4)
  3 worms
  2 dart slugs
  4 leopard geckos
  4 orcs
  2 ball pythons (D:2)
  9 bats
  2 giant cockroaches (D:1)
  9 goblins
  6 hobgoblins
  3 jackals (D:2)
  2 quokkas
  A frilled lizard (D:2)
  4 kobolds
  13 rats
84 creatures vanquished.

Notes
Turn   | Place    | Note
-------+----------+-------------------------------------------
     0 | D:1      | turlogh the Minotaur Fighter began the quest for the Orb.
     0 | D:1      | Reached XP level 1. HP: 19/19 MP: 0/0
    64 | D:1      | Reached XP level 2. HP: 23/27 MP: 1/1
   387 | D:1      | Reached XP level 3. HP: 33/33 MP: 2/2
   857 | D:2      | Noticed Jessica
   865 | D:2      | Killed Jessica
  1038 | D:2      | Noticed a phantom
  1053 | D:2      | Killed a phantom
  1053 | D:2      | Reached XP level 4. HP: 10/41 MP: 3/3
  1053 | D:2      | Reached XP level 5. HP: 11/47 MP: 4/4
  1614 | D:2      | Reached skill level 1 in Dodging
  2211 | D:3      | Reached skill level 5 in Armour
  2338 | D:3      | Found a shadowy altar of Dithmenos.
  2502 | D:3      | Reached XP level 6. HP: 50/53 MP: 5/5
  2761 | D:4      | Reached skill level 1 in Maces & Flails
  2831 | D:4      | Reached skill level 5 in Axes
  2837 | D:4      | Noticed a hippogriff
  2867 | D:4      | Killed a hippogriff
  2867 | D:4      | Reached skill level 5 in Shields
  2867 | D:4      | Reached XP level 7. HP: 44/60 MP: 6/6
  3052 | D:4      | Found a runed translucent gate.
  3053 | D:4      | Found a runed translucent gate.
  3053 | D:4      | Found a runed translucent gate.
  3056 | D:4      | Noticed solus13's ghost (amateur TrMo)
  3090 | D:4      | HP: 3/60 [solus13's ghost (1)]
  3091 | D:4      | HP: 1/60 [poisoned by solus13's ghost]
  3092 | D:4      | Succumbed to solus13's ghost's poison

Skill      XL: |  1  2  3  4  5  6 |
---------------+-------------------+-----
Shields        | 4 5 |  5.3
Fighting       | 4 |  4.9
Armour         | 4 5 |  5.5
Axes           | 4 5 |  5.0
Dodging        | 1 |  1.7
Maces & Flails | 3 |  3.9
Stealth        | |  0.8

Action                   |  1- 3 |  4- 6 |  7- 9 || total
-------------------------+-------+-------+-------++-------
Melee: War axe           |    76 |    75 |       ||   151
       Headbutt          |    10 |    15 |     9 ||    34
       Morningstar       |       |    60 |    33 ||    93
       Short sword       |       |     2 |       ||     2
  Use: Potion            |       |       |     2 ||     2
       Scroll            |       |       |     1 ||     1
  Eat: Chunk             |     1 |     2 |     1 ||     4
       Ration            |       |     1 |       ||     1
Armor: Scale mail        |    21 |    29 |       ||    50
       Chain mail        |       |    36 |    17 ||    53
Dodge: Dodged            |    21 |    31 |     6 ||    58
Block: Shield            |    43 |    74 |    18 ||   135
